 Dungeon Sprint DCSS version 0.30-a0-123-g91d0c66ccf (webtiles) character file.

Game seed: 18014966318157679908

714 Ofeo the Blocker (level 8, -13/71 HPs)
             Began as a Formicid Fighter on Sept 17, 2022.
             Was a Believer of Okawaru.
             Mangled by a komodo dragon (20 damage)
             ... in the Dungeon (Sprint IX: "|||||||||||||||||||||||||||||").
             The game lasted 00:02:10 (380 turns).

Ofeo the Blocker (Formicid Fighter)                  Turns: 380, Time: 00:02:11

Health: -13/71     AC: 15    Str: 24    XL:     8   Next: 1%
Magic:  8/8        EV:  8    Int:  7    God:    Okawaru [**....]
Gold:   0          SH:  7    Dex: 13    Spells: 7/7 levels left

rFire   . . .      SeeInvis +    j - +4 quarterstaff (speed)
rCold   . . .      Faith    .    c - +0 buckler
rNeg    . . .      Spirit   .    m - +1 chain mail
rPois   .          Reflect  .    (helmet unavailable)
rElec   .          Harm     .    l - +0 cloak
rCorr   .          Rampage  .    (no gloves)
Will    .....                    k - +0 pair of boots
Stlth   ..........               (no amulet)
HPRegen 0.21/turn                (no ring)
MPRegen 0.11/turn                (no ring)

@: no status effects
A: permanent stasis, dig shafts and tunnels, antennae 3, four strong arms
a: Dig, Renounce Religion, Heroism


You were in the Dungeon.
You worshipped Okawaru.
Okawaru was pleased with you.
You visited 1 branch

Inventory:

Hand Weapons
 a - a +0 quarterstaff
 j - a +4 quarterstaff of speed (weapon)
Armour
 b - a +0 scale mail
 c - a +0 buckler (worn)
 k - a +0 pair of boots (worn)
 l - a +0 cloak (worn)
 m - a +1 chain mail (worn)
Jewellery
 n - a +3 ring of intelligence
 o - a +3 ring of intelligence
Wands
 i - a wand of light (7)
Scrolls
 f - 2 scrolls of amnesia
Potions
 d - a potion of might {@q4}
 e - a potion of invisibility
 g - 4 potions of magic
 h - 3 potions of heal wounds {@q2}
 q - 5 potions of curing {@q1}


   Skills:
 + Level 9.6 Fighting
 + Level 8.4 Staves
 + Level 9.6 Armour
 + Level 11.3 Shields


You had 7 spell levels left.
You didn't know any spells.
Your spell library was empty.

Dungeon Overview and Level Annotations

Branches:
Dungeon (1/1)

Altars:
Cheibriados
Dithmenos
Elyvilon
Fedhas
Gozag
Hepliaklqana
Kikubaaqudgha
Makhleb
Nemelex Xobeh
Okawaru
Qazlal
Ru
Sif Muna
Trog
Uskayaw
Vehumet
Wu Jian
Xom
Yredelemnul
Zin
The Shining One
Jiyva
Lugonu


Innate Abilities, Weirdness & Mutations

You cannot be hasted, slowed, berserked, paralysed or teleported.
You can dig through walls and to a lower floor.
You have a pair of large antennae on your head. (SInv)
Your four strong arms can wield two-handed weapons with a shield.


Message History

The arrow hits the two-headed ogre.
The komodo dragon barely misses you.
The centaur shoots an arrow.
The arrow barely misses the two-headed ogre.
The arrow hits the unseen horror!
You see here a +0 morningstar.
Okay, then.
You hit the komodo dragon.
The komodo dragon is heavily wounded.
The komodo dragon bites you!!
* * * LOW HITPOINT WARNING * * *
You take 19 damage, and have 12/64 hp.
MASSIVE DAMAGE!!
Aiming: Bolt of Light
Press: ? - help, Shift-Dir - straight line, f - komodo dragon
Aim: a komodo dragon (heavily wounded, 79% to hit)
The bolt of light misses the komodo dragon.
The bolt of light hits the unseen horror!
You kill the unseen horror!
Okawaru is honoured by your kill.
The bolt of light hits the two-headed ogre!
The two-headed ogre is almost dead.
The two-headed ogre is blinded.
The bolt of light hits the centaur!
You kill the centaur!
Okawaru is honoured by your kill. The komodo dragon bites you.
* * * LOW HITPOINT WARNING * * *
Your Staves skill increases to level 8!
Your Shields skill increases to level 11!
You have reached level 8!
You feel stronger.
You take 5 damage, and have 7/71 hp.
MP restored: 8 You hit the komodo dragon.
The komodo dragon is severely wounded.
The komodo dragon closely misses you.
You thump the komodo dragon!
The komodo dragon is almost dead.
You hit the komodo dragon.
The komodo dragon is almost dead.
The komodo dragon bites you!!
You die... ▓▓▓▓▓▓▓▓▓▓▓▓▓▓▓▓▓▓▓▓▓▓ {+).Ol@)'......)?.'____ ▓▓▓▓▓▓▓▓▓▓▓▓▓▓▓▓▓▓▓▓▓▓ {{{{{{{{ {{{{

You could see a two-headed ogre (blind) and a komodo dragon.

Vanquished Creatures
  A gargoyle (D)
  An unseen horror (D)
  A centaur (D)
  A phantom (D)
  A scorpion (D)
  A hound (D)
  A worm (D)
  A dart slug (D)
  An orc (D)
  An endoplasm (D)
  A goblin (D)
  A hobgoblin (D)
  A rat (D)
13 creatures vanquished.

Vanquished Creatures (others)
  An orc warrior (D)
1 creature vanquished.

Grand Total: 14 creatures vanquished

Notes
Turn   | Place    | Note
-------+----------+-------------------------------------------
     0 | D        | Ofeo the Formicid Fighter began the quest for the Orb.
     0 | D        | Reached XP level 1. HP: 18/18 MP: 1/1
    15 | D        | Reached XP level 2. HP: 21/25 MP: 2/2
    63 | D        | Noticed a scorpion
    63 | D        | Noticed a phantom
    82 | D        | Killed a phantom
    83 | D        | Reached skill level 5 in Fighting
    83 | D        | Reached skill level 5 in Armour
    83 | D        | Reached skill level 6 in Shields
    83 | D        | Reached XP level 3. HP: 18/33 MP: 3/3
    83 | D        | Reached XP level 4. HP: 21/39 MP: 4/4
   229 | D        | Reached skill level 5 in Staves
   229 | D        | Reached skill level 7 in Shields
   229 | D        | Reached XP level 5. HP: 37/46 MP: 5/5
   233 | D        | Reached skill level 8 in Shields
   243 | D        | Found a snail-covered altar of Cheibriados.
   243 | D        | Found a shadowy altar of Dithmenos.
   243 | D        | Found a white marble altar of Elyvilon.
   243 | D        | Found a blossoming altar of Fedhas.
   243 | D        | Found an opulent altar of Gozag.
   244 | D        | Found a hazy altar of Hepliaklqana.
   245 | D        | Found a viscous altar of Jiyva.
   246 | D        | Found an ancient bone altar of Kikubaaqudgha.
   247 | D        | Found a corrupted altar of Lugonu.
   248 | D        | Found a burning altar of Makhleb.
   249 | D        | Found a sparkling altar of Nemelex Xobeh.
   250 | D        | Found an iron altar of Okawaru.
   251 | D        | Found a stormy altar of Qazlal.
   252 | D        | Found a sacrificial altar of Ru.
   253 | D        | Found a shimmering blue altar of Sif Muna.
   254 | D        | Found a bloodstained altar of Trog.
   255 | D        | Found a hide-covered altar of Uskayaw.
   256 | D        | Found a radiant altar of Vehumet.
   257 | D        | Found an ornate altar of the Wu Jian Council.
   258 | D        | Became a worshipper of Warmaster Okawaru
   259 | D        | Found a shimmering altar of Xom.
   260 | D        | Found a basalt altar of Yredelemnul.
   261 | D        | Found a glowing silver altar of Zin.
   262 | D        | Found a glowing golden altar of the Shining One.
   363 | D        | Noticed a two-headed ogre
   363 | D        | Noticed a centaur
   363 | D        | Noticed an unseen horror
   363 | D        | Noticed a komodo dragon
   363 | D        | Noticed a gargoyle
   363 | D        | Noticed an orc warrior
   368 | D        | Killed an orc warrior
   369 | D        | Reached skill level 9 in Shields
   369 | D        | Reached XP level 6. HP: 25/55 MP: 6/6
   374 | D        | Killed a gargoyle
   374 | D        | Reached * piety under Okawaru
   375 | D        | Reached skill level 10 in Shields
   375 | D        | Reached XP level 7. HP: 30/64 MP: 7/7
   377 | D        | Killed an unseen horror
   377 | D        | Reached ** piety under Okawaru
   378 | D        | Reached skill level 11 in Shields
   378 | D        | Reached XP level 8. HP: 7/71 MP: 8/8
   380 | D        | Mangled by a komodo dragon

Illustrated notes

Levels and vault maps discovered:
D:        linesprint [early_d, line_temple, items_1, d_10, items_2, lair_1,
          lair_end, items_3, orc_1, orc_end, items_4, d_15, swamp_1, shoals_1,
          snake_1, spider_1, d_20, vaults_1, items_5, swamp_end, shoals_end,
          snake_end, spider_end, vaults_end, d_27, items_6, zot_1, zot_end,
          crypt_end, forest_end, elf_end, slime_end, tomb_end, abyss_end,
          pan_hell_end]

Skill      XL: |  1  2  3  4  5  6  7 |
---------------+----------------------+-----
Fighting       | 5 6 7 9 |  9.6
Armour         | 5 6 7 9 |  9.6
Staves         | 4 5 6 7 8 |  8.4
Shields        | 6 7 9 10 11 | 11.3

Action                   |  1- 3 |  4- 6 |  7- 9 || total
-------------------------+-------+-------+-------++-------
Melee: Quarterstaff      |    31 |    23 |     4 ||    58
Evoke: Wand              |       |     2 |     1 ||     3
 Stab: Invisible         |       |     3 |       ||     3
Armor: Scale mail        |    11 |     5 |       ||    16
       Chain mail        |       |     3 |       ||     3
Dodge: Dodged            |     9 |     3 |     2 ||    14
Block: Buckler           |     6 |     3 |       ||     9

Table legend: (Time is in decaauts)
 A = Elapsed time spent in this place.
 B = Non-inter-level travel time spent in this place.
 C = Inter-level travel time spent in this place.
 D = Time resting spent in this place.
 E = Time spent auto-exploring this place.
 F = Levels seen in this place.
 G = Mean time per level.
                   A        B        C        D        E       F      G
               +--------+--------+--------+--------+--------+-----+--------+
         Total |    383 |    383 |      0 |    214 |      0 |   1 |  383.0 |
       Dungeon |    383 |    383 |      0 |    214 |      0 |   1 |  383.0 |
               +--------+--------+--------+--------+--------+-----+--------+

Top non-repeatable levels by time:
       D: 383 daAuts
